 Dungeon Crawl Stone Soup version 0.31-a0-647-g38d6a14cb1 (webtiles) character file.

Game seed: 2929788894059399948

88559 GordonOverkill the Grappler (level 15, -6/149 HPs)
             Began as a Troll Delver on Aug 29, 2023.
             Was the Champion of Zin.
             Killed by divine providence
             ... invoked by a meliai
              (10 damage)
             ... on level 15 of the Dungeon.
             The game lasted 01:02:10 (24144 turns).

GordonOverkill the Grappler (Troll Delver)         Turns: 24144, Time: 01:02:10

Health: -6/149     AC: 19    Str: 36    XL:     15   Next: 46%
Magic:  15/19      EV: 10    Int:  9    God:    Zin [******]
Gold:   2169       SH: 16    Dex: 11    Spells: 14/14 levels left

rFire   + .          .
                       - Unarmed
rCold   . . .        I - +5 Storm Queen's Shield {shock, Fly rElec}
rNeg    + . .        H - +2 fire dragon scales of Ycvirgh {Rampage rF++ rC- Will+ Str+6 Slay-2}
rPois   .            V - +0 hat {Int+3}
rElec   +            t - +2 cloak
rCorr   .            (gloves unavailable)
SInv    .            (boots unavailable)
Will    +++++        L - amulet of the Four Winds {rN+ Will+++ Clar} Stlth
                     M - ring of ice
HPRegen 1.24/turn    G - +4 ring of slaying
MPRegen 0.16/turn

%: clarity, rampage
@: flying
A: large, unfitting armour, claws 3, regeneration 1, shaggy fur 1, tough skin 1
a: Renounce Religion, Recite, Vitalisation, Imprison, Sanctuary, Donate Gold


You were on level 15 of the Dungeon.
You worshipped Zin.
Zin was exalted by your worship.
You visited 2 branches of the dungeon, and saw 20 of its levels.
You also visited: Gauntlet.

You collected 4136 gold pieces.
You spent 1399 gold pieces at shops.
You donated 568 gold pieces to Zin.

Inventory:

Missiles
 n - 11 boomerangs (quivered)
 y - 8 curare-tipped darts
 F - 6 atropa-tipped darts
Armour
 q - a scarf of shadows
 t - a +2 cloak (worn)
 H - the +2 fire dragon scales of Ycvirgh (worn) {Rampage rF++ rC- Will+ Str+6 Slay-2}
   (You took it off a minotaur in a Gauntlet)

   Str+6:     It affects your strength (+6).
   Slay-2:    It affects your accuracy & damage with ranged weapons and melee
   (-2).
   rF++:      It greatly protects you from fire.
   rC-:       It makes you vulnerable to cold.
   Will+:     It increases your willpower.
   Rampage:   It bestows one free step when moving towards enemies.
 I - the +5 Storm Queen's Shield (worn) {shock, Fly rElec}
   (You bought it in a shop on level 7 of the Dungeon)

   Shock:     When it blocks an attack, it may electrocute the attacker.
   This works even against foes who are a short distance away.
   rElec:     It insulates you from electricity.
   Fly:       It grants you flight.
 N - a +2 robe of cold resistance
 V - a +0 hat of intelligence (worn)
 W - +1 steam dragon scales
Jewellery
 a - a ring of fire
 e - a +6 ring of intelligence
 p - a ring of resist corrosion
 G - a +4 ring of slaying (right claw)
 J - a ring of see invisible
 K - a ring of protection from fire
 L - the amulet of the Four Winds (around neck) {rN+ Will+++ Clar}
   (You found it in a Gauntlet)

   [amulet of nothing]

   rN+:       It protects you from negative energy.
   Will+++:   It greatly increases your willpower.
   Clar:      It protects you from confusion, rage, mesmerisation and fear.
 M - a ring of ice (left claw)
 T - an amulet of reflection
 Y - a +6 ring of strength
 Z - a ring of fire
Wands
 d - a wand of paralysis (8)
 f - a wand of digging (8)
 B - a wand of flame (82)
 S - a wand of roots (3)
Scrolls
 b - 4 scrolls of immolation
 c - 5 scrolls of revelation
 i - 2 scrolls of vulnerability
 j - 6 scrolls of fog
 l - 5 scrolls of blinking
 m - 6 scrolls of teleportation
 r - 6 scrolls of poison
 u - 3 scrolls of fear
 v - 2 scrolls of identify
 w - 2 scrolls of silence
 O - a scroll of enchant armour
Potions
 g - a potion of invisibility {unknown}
 k - 11 potions of curing
 o - 3 potions of resistance
 s - 3 potions of heal wounds
 x - a potion of cancellation
 z - 2 potions of haste
 A - 2 potions of ambrosia
 C - 2 potions of magic
 D - 6 potions of enlightenment
 E - 2 potions of brilliance
 R - a potion of mutation
 U - 4 potions of berserk rage
Miscellaneous
 h - a lightning rod (4/4)
 P - a phantom mirror
 Q - a phial of floods


   Skills:
 - Level 10.0 Fighting
 - Level 1.0 Throwing
 - Level 11.0 Armour
 - Level 7.0 Dodging
 - Level 2.7 Stealth
 - Level 12.0 Shields
 - Level 14.0 Unarmed Combat
 + Level 7.1 Invocations
 - Level 4.0 Evocations


You had 14 spell levels left.
You didn't know any spells.
Your spell library contained the following spells:

 Spells                   Type           Power      Damage    Failure   Level
 Apportation              Tloc           0%         N/A       71%         1
 Necrotise                Necr           0%         1d4       71%         1
 Sandblast                Erth           0%         2d4       71%         1
 Slow                     Hex            0%         N/A       71%         1
 Sting                    Tmut/Pois      0%         1d3       71%         1
 Summon Small Mammal      Summ           0%         N/A       71%         1
 Ensorcelled Hibernation  Hex/Ice        0%         N/A       83%         2
 Passwall                 Tmut/Erth      0%         N/A       83%         2
 Poisonous Vapours        Pois/Air       0%         N/A       83%         2
 Sublimation of Blood     Necr           0%         N/A       83%         2
 Confusing Touch          Hex            0%         N/A       97%         3
 Dazzling Flash           Conj/Hex       0%         N/A       97%         3
 Frozen Ramparts          Ice            0%         1d1       97%         3
 Gell's Gravitas          Tloc           0%         N/A       97%         3
 Ozocubu's Armour         Ice            0%         N/A       97%         3
 Stone Arrow              Conj/Erth      0%         3d7       97%         3
 Swiftness                Air            0%         N/A       97%         3
 Teleport Other           Tloc           0%         N/A       97%         3
 Vampiric Draining        Necr           0%         2d6       97%         3
 Volatile Blastmotes      Fire/Tloc      0%         2d10      97%         3
 Fulminant Prism          Conj/Hex       0%         3d5       100%        4
 Iskenderun's Mystic Bla  Conj/Tloc      0%         2d3       100%        4
 Leda's Liquefaction      Hex/Erth       0%         N/A       100%        4
 Manifold Assault         Tloc           0%         N/A       100%        4
 Olgreb's Toxic Radiance  Pois           0%         N/A       100%        4
 Passage of Golubria      Tloc           0%         N/A       100%        4
 Petrify                  Tmut/Erth      0%         N/A       100%        4
 Agony                    Necr           0%         N/A       100%        5
 Irradiate                Conj/Tmut      0%         3d11      100%        5
 Lee's Rapid Deconstruct  Erth           0%         3d4*      100%        5
 Metabolic Englaciation   Hex/Ice        0%         N/A       100%        5
 Silence                  Hex/Air        0%         N/A       100%        5
 Dispersal                Tloc           0%         N/A       100%        6
 Leda's Unmaking          Conj/Erth      0%         9d1       100%        6
 Simulacrum               Ice/Necr       0%         N/A       100%        6
 Discord                  Hex            0%         N/A       100%        8
 Disjunction              Tloc           0%         N/A       100%        8
 Ignition                 Fire           0%         3d3       100%        8
 Lehudib's Crystal Spear  Conj/Erth      0%         10d2      100%        8


Dungeon Overview and Level Annotations

Branches:
Dungeon (15/15)            Temple (0/1) D:7            Lair (5/5) D:10
 Shoals (0/4) Lair:2        Snake (0/4) Lair:2        Slime (0/5) Lair:4
    Orc (0/2) D:12         Vaults (0/5) D:14         Depths (0/4) D:15
Gauntlet (visited)

Altars:
Dithmenos
Elyvilon
Fedhas
Kikubaaqudgha
Makhleb
Okawaru
Qazlal
Ru
Sif Muna
Vehumet
Wu Jian
Xom
Yredelemnul
Zin
The Shining One
Jiyva

Shops:
D:5 (!*(   D:7 :[[=!   D:8 :   D:9 (   D:14 (

Annotations:
D:8 2 transporters, Opifex's ghost, novice VSHu
D:13 1 runed translucent door
Lair:3 3 runed translucent doors, Gargoyl's ghost, journeyman GrBe; Ignak's ghost, journeyman GnAE; blacky4's ghost, journeyman DsFi


Innate Abilities, Weirdness & Mutations

You are too large for most types of armour.
You have claws for hands.
Your natural rate of healing is unusually fast.
You are covered in fur. (AC +1)
You have tough skin. (AC +1)


Message History

Unknown command.
You rampage towards the white ugly thing!
A white ugly thing comes into view.
The white ugly thing gurgles horribly!
You hear a horrible gurgling sound!
A white ugly thing comes into view.
Aiming: Imprison (1% risk of failure)
Press: ? - help, Dir - move target, f/p - five-headed hydra
Aim: a five-headed hydra (lightly wounded) Zin imprisons the five-headed hydra with walls of pure silver!
You rampage towards the white ugly thing!
The white ugly thing basks in the mutagenic energy from its kin and changes!
A white ugly thing comes into view.
Found an escape hatch in the ceiling.
The white ugly thing gurgles horribly!
You block the white ugly thing's attack.
Your shield discharges, shocking the white ugly thing!
The centaur warrior shoots a bolt.
You block the bolt.
The white ugly thing basks in the mutagenic energy from its kin and changes!
You block the white ugly thing's attack.
The centaur warrior shoots a bolt.
The bolt closely misses you.
The white ugly thing basks in the mutagenic energy from its kin and changes!
The white ugly thing attacks as it pursues you!
The white ugly thing bites you.
* * * LOW HITPOINT WARNING * * *
The white ugly thing freezes you!!
* * * LOW HITPOINT WARNING * * *
The centaur warrior shoots a bolt.
You block the bolt.
Blink to where?
Press: ? - help, Dir - move target 2 meliai come into view.
As you read the scroll of blinking, it crumbles to dust.
The meliai buzzes angrily.
A meliai comes into view. It is wielding a +0 hand axe.
The meliai buzzes angrily.
The meliai mumbles some strange prayers to its god against you.
Something smites you!
* * * LOW HITPOINT WARNING * * *
The meliai mumbles some strange prayers to its god against you.
Something smites you!
You die...

..#..#..c...####
.)'.c'..###.#
#(#######D#.# ..# ###c#
..# #.#.# #†# ' #.#.#
..)..'..#.#.# ##
..#..#..#[u.#######y..#
###### #.uu.u..@.yy..#
..........#########...#
..#.#...u.. ##
.........## #.#######
.#


You could see 4 ugly things and 3 meliai.

Vanquished Creatures
  Rupert (D:14)
  A fire giant (D:15)
  Louise (D:15)
  An ironbound preserver (D:14)
  A very ugly thing (D:15)
  A war gargoyle (D:15)
  A minotaur (Gauntlet)
  A dire elephant (Lair:5)
  A fire dragon (D:15)
  An entropy weaver (D:14)
  Fannar (D:10)
  3 hydras
  Erica (D:8)
  The ghost of Xpym the Severer, a journeyman HOFi of Xom (Lair:2)
  A catoblepas (Gauntlet)
  6 centaur warriors
  4 two-headed ogres
  A death scarab (Gauntlet)
  5 boulder beetles
  Urug (Lair:1)
  Sonja (D:10)
  13 death yaks
  A spectral death yak (Lair:5)
  A spectral anaconda (Lair:5)
  6 skeletal warriors
  An obsidian statue (Lair:5)
  3 manticores
  3 necromancers (Lair:5)
  2 deep elf pyromancers
  6 ugly things (D:14)
  6 cyclopes
  5 black mambas
  A black mamba (shapeshifter) (D:9)
  A guardian serpent (D:14)
  2 molten gargoyles (Gauntlet)
  14 elephants
  2 torpor snails
  5 gargoyles
  10 cane toads
  3 rime drakes
  3 kobold demonologists
  7 komodo dragons
  An unseen horror (D:11)
  A rime drake (shapeshifter) (D:13)
  5 trolls
  6 meliai (D:14)
  5 polar bears
  A wolf spider simulacrum (D:15)
  3 hornets
  6 blink frogs
  A spectral black mamba (Gauntlet)
  A jumping spider (shapeshifter) (D:15)
  A culicivora (shapeshifter) (D:9)
  A dire elephant simulacrum (Lair:5)
  Sigmund (D:2)
  3 slime creatures
  2 shadows
  A ynoxinul (Gauntlet)
  37 yaks
  Grum (Lair:1)
  7 wyverns
  10 vampire mosquitoes
  3 basilisks
  A steam dragon (D:7)
  A death yak simulacrum (Lair:5)
  A spectral cane toad (Lair:5)
  2 acid dragons
  21 water moccasins
  5 black bears
  6 orc warriors
  4 boggarts (D:14)
  2 elephant zombies (Lair:5)
  An ice beast (D:6)
  26 centaurs
  18 wolves
  3 ogres
  16 kobold brigands
  11 bullfrogs
  6 gnoll sergeants
  4 scorpions
  A cane toad simulacrum (Lair:5)
  4 wights (D:9)
  2 elephant simulacra (Lair:5)
  10 killer bees
  11 howler monkeys
  A crimson imp (D:7)
  2 hounds
  2 gnoll boudas
  6 orc priests
  3 jellies
  4 iron imps (Gauntlet)
  3 sleepcaps
  Jessica (D:3)
  5 iguanas
  20 orc wizards
  Natasha (thrice) (D:2)
  A scorpion zombie (D:3)
  10 hell rats (Lair:5)
  Robin (D:2)
  10 adders
  21 gnolls
  A howler monkey zombie (D:3)
  3 white imps
  2 adder zombies
  An adder skeleton (D:2)
  2 worms
  2 dart slugs (D:2)
  26 orcs
  11 bats
  A bat zombie (D:2)
  10 endoplasms
  5 giant cockroaches
  11 goblins
  10 hobgoblins
  5 jackals
  39 kobolds
  3 quokkas
  A ball python (D:4)
  3 frilled lizards (D:2)
  2 giant cockroach zombies (D:2)
  A quokka zombie (D:3)
  6 rats (D:1)
621 creatures vanquished.

Vanquished Creatures (collateral kills)
  A cyclops (D:14)
1 creature vanquished.

Vanquished Creatures (others)
  A fire dragon (D:15)
1 creature vanquished.

Grand Total: 623 creatures vanquished

Notes
Turn   | Place    | Note
-------+----------+-------------------------------------------
     0 | D:5      | GordonOverkill the Troll Delver began the quest for the
                  | Orb.
     0 | D:5      | Reached XP level 1. HP: 22/22 MP: 0/0
     4 | D:6      | Found a shadowy altar of Dithmenos.
    28 | D:5      | Found Loymis's Antique Weapon Shoppe.
    42 | D:6      | Noticed a centaur
    42 | D:6      | Noticed an iguana
    71 | D:5      | Noticed a jelly
   111 | D:4      | Reached XP level 2. HP: 24/31 MP: 1/1
   123 | D:3      | Found a glowing silver altar of Zin.
   123 | D:3      | Found a white marble altar of Elyvilon.
   126 | D:3      | Noticed Jessica
   128 | D:3      | Found a glowing golden altar of the Shining One.
   132 | D:3      | Killed Jessica
   133 | D:3      | Reached skill level 1 in Evocations
   133 | D:3      | Reached XP level 3. HP: 25/37 MP: 2/2
   158 | D:3      | Became a worshipper of Zin the Law-Giver
   206 | D:3      | Reached skill level 3 in Unarmed Combat
   223 | D:3      | Found a basalt altar of Yredelemnul.
   239 | D:3      | Reached XP level 4. HP: 31/45 MP: 3/3
   291 | D:3      | Reached skill level 1 in Invocations
   359 | D:3      | Found an ornate altar of the Wu Jian Council.
   417 | D:3      | Found a blossoming altar of Fedhas.
   617 | D:2      | Noticed Natasha
   630 | D:2      | Killed Natasha
   631 | D:2      | Reached XP level 5. HP: 41/53 MP: 5/5
   852 | D:1      | Reached * piety under Zin
  1319 | D:1      | Reached ** piety under Zin
  1528 | D:2      | Noticed Natasha
  1623 | D:2      | Reached skill level 1 in Throwing
  1707 | D:2      | Found an ancient bone altar of Kikubaaqudgha.
  1754 | D:2      | Killed Natasha
  1755 | D:2      | Donated 81 gold pieces to Zin
  1877 | D:2      | Noticed Sigmund
  1888 | D:2      | Killed Sigmund
  1889 | D:2      | Reached skill level 4 in Unarmed Combat
  1889 | D:2      | Reached XP level 6. HP: 54/61 MP: 7/7
  1942 | D:2      | Noticed Natasha
  1950 | D:2      | Killed Natasha
  1951 | D:2      | Reached skill level 5 in Unarmed Combat
  1995 | D:2      | Reached *** piety under Zin
  2094 | D:2      | Noticed Robin
  2112 | D:2      | Killed Robin
  2870 | D:4      | Found a sacrificial altar of Ru.
  2887 | D:4      | Reached XP level 7. HP: 50/68 MP: 8/8
  2991 | D:4      | Found a shimmering blue altar of Sif Muna.
  3490 | D:5      | Reached skill level 6 in Unarmed Combat
  3712 | D:5      | Found Ubboott's General Store.
  3720 | D:5      | Donated 64 gold pieces to Zin
  3851 | D:5      | Found a burning altar of Makhleb.
  3950 | D:5      | Reached XP level 8. HP: 78/78 MP: 9/9
  3977 | D:5      | Found Muiral's Weapon Boutique.
  4051 | D:5      | Found Daach's Distillery.
  4731 | D:6      | Reached skill level 5 in Fighting
  4961 | D:6      | Reached skill level 7 in Unarmed Combat
  5324 | D:6      | Found a shimmering altar of Xom.
  5329 | D:6      | Found a radiant altar of Vehumet.
  5335 | D:6      | Reached **** piety under Zin
  5668 | D:7      | Found Savokes's Jewellery Boutique.
  5862 | D:7      | Found Nimiv's Book Boutique.
  5895 | D:7      | Was placed under penance by Zin
  5913 | D:7      | Reached skill level 5 in Dodging
  5913 | D:7      | Reached XP level 9. HP: 39/88 MP: 10/10
  6076 | D:7      | Found a staircase to the Ecumenical Temple.
  6084 | D:7      | Donated 86 gold pieces to Zin
  6303 | D:7      | Identified the +1 scale mail of Kunek {Drain rCorr MP-9
                  | Str+8}
  6512 | D:7      | Reached skill level 8 in Unarmed Combat
  6512 | D:7      | Reached skill level 1 in Armour
  6651 | D:7      | Found Ugeurch's Armour Shop.
  6707 | D:7      | Was forgiven by Zin
  6795 | D:7      | Found Ograz's Distillery.
  6852 | D:7      | Found Weavecra's Antique Armour Shoppe.
  7141 | D:8      | Identified the +3 robe "Hosubi" {Archmagi}
  7258 | D:8      | Noticed Erica
  7266 | D:8      | Killed Erica
  7267 | D:8      | Reached skill level 5 in Invocations
  7335 | D:8      | Identified the ring "Alomih" {Drain rF+ Int+3 Dex+6}
  7336 | D:8      | Identified the +1 spear "Ifyoz Gewio" {venom, rCorr Int+8
                  | Dex+3 Stlth-}
  7336 | D:8      | Identified the +3 buckler of the Shimmering Gods {Fly rC-
                  | rCorr Dex-3}
  7338 | D:8      | Noticed Opifex's ghost (novice VSHu)
  7386 | D:8      | Reached ***** piety under Zin
  7666 | D:8      | Reached XP level 10. HP: 98/98 MP: 12/12
  7709 | D:8      | Found Boihag's Book Shoppe.
  7806 | D:8      | Reached skill level 9 in Unarmed Combat
  8132 | D:8      | Found a transporter.
  8138 | D:8      | Found a transporter.
  8401 | D:9      | Found a stormy altar of Qazlal.
  8990 | D:10     | Entered Level 10 of the Dungeon
  9095 | D:10     | Identified 2 scrolls of acquirement
  9095 | D:10     | Acquired 515 gold pieces
  9097 | D:10     | Acquired 628 gold pieces
  9098 | D:10     | Reached ****** piety under Zin
  9118 | D:10     | Noticed Sonja
  9434 | D:9      | Reached skill level 10 in Unarmed Combat
  9566 | D:10     | Killed Sonja
 10033 | D:10     | Reached skill level 5 in Armour
 10033 | D:10     | Reached XP level 11. HP: 109/109 MP: 14/14
 10229 | D:10     | Found a staircase to the Lair.
 11037 | D:11     | Found a shimmering altar of Xom.
 11037 | D:11     | Noticed a two-headed ogre
 11049 | D:11     | Killed a two-headed ogre
 12998 | D:12     | Reached skill level 11 in Unarmed Combat
 13265 | D:12     | Found a staircase to the Orcish Mines.
 13285 | D:12     | Reached XP level 12. HP: 81/119 MP: 15/15
 14084 | D:7      | Bought the +5 Storm Queen's Shield {shock, Fly rElec} for
                  | 775 gold pieces
 14084 | D:7      | Found the +5 Storm Queen's Shield {shock, Fly rElec}
 14185 | D:5      | Bought a scroll of acquirement for 624 gold pieces
 14185 | D:5      | Donated 112 gold pieces to Zin
 14186 | D:5      | Acquired 812 gold pieces
 14334 | D:9      | Noticed a two-headed ogre
 14343 | D:9      | Reached skill level 1 in Shields
 14344 | D:9      | Killed a two-headed ogre
 14586 | D:9      | Noticed a centaur warrior
 14593 | D:9      | Killed a centaur warrior
 14607 | D:9      | Noticed a two-headed ogre
 14621 | D:9      | Killed a two-headed ogre
 14692 | D:9      | Found Qiawn's Weapon Boutique.
 14716 | D:9      | Noticed a centaur warrior
 14716 | D:9      | Noticed a boulder beetle
 14717 | D:9      | Noticed a centaur warrior
 14971 | D:13     | Identified the -1 kite shield of Anaesthesia {rElec rPois
                  | Regen+ Stlth-}
 15113 | D:13     | Noticed a boulder beetle
 15134 | D:12     | Killed a boulder beetle
 15401 | D:12     | Reached skill level 12 in Unarmed Combat
 15978 | D:13     | Noticed a two-headed ogre
 16002 | D:13     | Killed a two-headed ogre
 16025 | D:13     | Found a runed translucent door.
 16025 | D:13     | Noticed a tengu reaver
 16142 | D:13     | Reached skill level 5 in Shields
 16339 | Lair:1   | Entered Level 1 of the Lair of Beasts
 16355 | Lair:1   | Noticed Fannar
 16401 | D:10     | Killed Fannar
 16416 | Lair:1   | Reached XP level 13. HP: 131/131 MP: 17/17
 16479 | Lair:1   | Noticed Grum
 16497 | Lair:1   | Killed Grum
 16781 | Lair:1   | Noticed Urug
 16795 | Lair:1   | Killed Urug
 17287 | Lair:2   | Found a staircase to the Shoals.
 17300 | Lair:2   | Found a gate leading to a gauntlet.
 17427 | Lair:2   | Found a staircase to the Snake Pit.
 17526 | Gauntlet | Entered a Gauntlet
 17526 | Gauntlet | Found a transporter.
 17526 | Gauntlet | Found a transporter.
 17546 | Gauntlet | Found a transporter.
 17549 | Gauntlet | Found a transporter.
 17557 | Gauntlet | Found a transporter.
 17560 | Gauntlet | Found a transporter.
 17568 | Gauntlet | Found a transporter.
 17586 | Gauntlet | Found the amulet of the Four Winds {rN+ Will+++ Clar}
 17588 | Gauntlet | Found a transporter.
 17610 | Gauntlet | Found a transporter.
 17610 | Gauntlet | Found a transporter.
 17620 | Gauntlet | Found a transporter.
 17622 | Gauntlet | Found a transporter.
 17773 | Gauntlet | Identified the +0 pair of gloves of the Desolation of Salt
                  | {+Blink}
 17910 | Gauntlet | Identified the +8 scimitar "Daaddito" {venom, Will++ Dex+2}
 17924 | Gauntlet | Identified the +8 hand crossbow "Tienwitsa" {speed, rElec
                  | rF+ Int+2}
 17924 | Gauntlet | Identified the +2 fire dragon scales of Ycvirgh {Rampage
                  | rF++ rC- Will+ Str+6 Slay-2}
 17924 | Gauntlet | Noticed a minotaur
 17936 | Gauntlet | Killed a minotaur
 18161 | Lair:2   | Found a large runed translucent door.
 18161 | Lair:2   | Found a large runed translucent door.
 18162 | Lair:2   | Noticed Xpym's ghost (journeyman HOFi)
 18699 | Lair:2   | Killed Xpym's ghost
 18925 | Lair:3   | Reached skill level 10 in Fighting
 19042 | Lair:3   | Identified the +4 whip "Acuangud" {freeze, rF++ Str-4
                  | Int+6}
 19208 | Lair:3   | Found a runed translucent gate.
 19208 | Lair:3   | Found a runed translucent gate.
 19208 | Lair:3   | Found a runed translucent gate.
 19213 | Lair:3   | Noticed blacky4's ghost (journeyman DsFi)
 19213 | Lair:3   | Noticed Ignak's ghost (journeyman GnAE)
 19213 | Lair:3   | Noticed Gargoyl's ghost (journeyman GrBe)
 19604 | Lair:4   | Found an iron altar of Okawaru.
 19773 | Lair:4   | Reached skill level 13 in Unarmed Combat
 19915 | Lair:4   | Reached XP level 14. HP: 143/143 MP: 18/18
 20079 | Lair:4   | Found a runed translucent door.
 20080 | Lair:4   | Found a viscous altar of Jiyva.
 20080 | Lair:4   | Found a staircase to the Slime Pits.
 20486 | Lair:5   | Entered Level 5 of the Lair of Beasts
 20648 | Lair:4   | Reached skill level 14 in Unarmed Combat
 21539 | Lair:5   | Found the +5 glaive of the Guard {elec, spectral, AC+5}
 21574 | Lair:5   | Reached skill level 10 in Armour
 22633 | D:14     | Identified the +1 trident of Higguschi {elec, +Blink Int+3}
 22835 | D:14     | Found a gate to the Vaults.
 22864 | D:14     | Noticed an ironbound preserver
 22877 | D:14     | Killed an ironbound preserver
 22886 | D:14     | Reached XP level 15. HP: 112/149 MP: 17/19
 23078 | D:14     | Noticed Rupert
 23087 | D:14     | Killed Rupert
 23152 | D:14     | Reached skill level 10 in Shields
 23227 | D:14     | Found Nauwk's Antique Weapon Emporium.
 23621 | D:15     | Entered Level 15 of the Dungeon
 23743 | D:15     | Noticed Louise
 23773 | D:15     | Killed Louise
 23850 | D:15     | Found a staircase to the Depths.
 24094 | D:15     | Found a runed translucent door.
 24094 | D:15     | Noticed a fire giant
 24104 | D:15     | Killed a fire giant
 24144 | D:15     | HP: 4/149 [meliai/divine providence (13)]
 24144 | D:15     | Killed from afar by a meliai

Illustrated notes

Levels and vault maps discovered:
D:1:      lightli_arrival_flooded_house, layout_basic, st_stairs_13
D:2:      layout_basic, serial_undead, serial_undead_c, serial_undead_c,
          serial_undead_b, serial_undead_c, basic_altar,
          kennysheep_generic_room_5, uniq_natasha, uniq_sigmund, uniq_robin
D:3:      layout_rooms, good_gods_temple_1, mainiacjoe_overflow_chevrons,
          nicolae_yredelemnul_corpse_copse, fedhas_ov_isle_minmay,
          serial_aquarium, aquarium_bridge_square [aquarium_subvault_wall,
          aquarium_subvault_window, aquarium_subvault_bridge,
          aquarium_subvault_wall], aquarium_window_fake, aquarium_window_1,
          aquarium_window_fake, aquarium_window_1, aquarium_view_2d,
          aquarium_view_2b, aquarium_pool_S, uniq_jessica
D:4:      layout_basic, nicolae_sif_muna_little_library,
          mainiacjoe_overflow_paths
D:5:      wad_crossroads, layout_loops_corners, lemuel_tele_altar, serial_shops,
          shop, nicolae_take_the_stairs, nicolae_shop_real_fake_doors, shop
D:6:      layout_loops_ring, grunt_dithmenos_smoke_and_mirrors,
          grunt_temple_overflow_open, serial_bayou_ford_a, amethyst_killhole,
          minmay_misc_feat_rugged
D:7:      layout_basic, minmay_temple_entry_offerings, serial_shops,
          nicolae_shop_advertising_works [nicolae_subvault_shop_adworks],
          nicolae_shop_statue_plus, kennysheep_little_box,
          nicolae_stop_n_shop_1, nicolae_shop_stone, minmay_fire_ice_demons
D:8:      layout_basic, serial_shops, shop, gammafunk_ghost_gnarly_gnolls,
          grunt_decor_arrowhead, uniq_erica
D:9:      wad_statue_garden, layout_cave_pools, mainiacjoe_overflow_brackets,
          serial_shops, nicolae_shop_bloodbath_and_beyond,
          minmay_stone_trees_small, minivault_12
D:10:     layout_layer_cave, due_lair_maze_entry_diamond, uniq_sonja
D:11:     layout_grid_maze, tgw_xom
D:12:     layout_long_grid, kennysheep_orc_monster_closet_entryway
D:13:     layout_rooms, kennysheep_treasure_room
D:14:     layout_roguey, hellmonk_vaults_order_and_chaos, serial_shops, shop,
          nrook_guardian_serpent_double, uniq_rupert
D:15:     grunt_enter_depths_hoard, layout_loops_ring, minivault_13, uniq_louise
Lair:1:   layout_chaotic_city, grunt_megastairs_4, uniq_fannar, uniq_grum,
          uniq_urug
Lair:2:   layout_regular_city, elwin_shoals_entry_rocks, dummy_snake_entry,
          gauntlet_entry_generic, ebering_ghost_disaster_area,
          grunt_forest_small_clearings
Lair:3:   layout_long_grid, gammafunk_ghost_cemetery, serial_bayou_shore_a
Lair:4:   layout_small_grid, slime_entry_2, basic_altar
Lair:5:   due_jungle_book, layout_regular_city, nicolae_quartered_pool_super

Skill      XL: |  1  2  3  4  5  6  7  8  9 10 11 12 13 14 15 |
---------------+----------------------------------------------+-----
Fighting       | 3 4 5 6 7 8 9 10 | 10.0
Evocations     | 1 2 3 4 |  4.0
Dodging        | 2 3 5 7 |  7.0
Unarmed Combat | 3 4 5 6 7 8 10 11 12 13 14 | 14.0
Invocations    | 2 3 5 6 7 |  7.1
Throwing       | 1 |  1.0
Armour         | 2 5 8 11 | 11.0
Shields        | 6 8 9 12 | 12.0
Stealth        | |  2.7

Action                     |  1- 3 |  4- 6 |  7- 9 | 10-12 | 13-15 || total
---------------------------+-------+-------+-------+-------+-------++-------
  Melee: Unarmed           |    36 |   215 |   257 |   599 |   793 ||  1900
         Punch             |       |     3 |     4 |    24 |       ||    31
   Fire: Sling             |       |    12 |       |       |       ||    12
  Throw: Boomerang         |       |     4 |    27 |    79 |    15 ||   125
 Invoke: Donate Gold       |       |     1 |     2 |     1 |       ||     4
         Recite            |       |       |     1 |     5 |     1 ||     7
         Vitalisation      |       |       |       |     1 |     6 ||     7
         Imprison          |       |       |       |     1 |     1 ||     2
  Evoke: Wand              |       |       |     3 |     8 |       ||    11
         Phantom mirror    |       |       |       |       |     1 ||     1
    Use: Scroll            |     1 |     7 |     8 |     9 |     9 ||    34
         Potion            |       |     1 |     1 |       |     3 ||     5
   Stab: Sleeping          |       |     5 |     7 |     3 |     1 ||    16
         Distracted        |       |       |     3 |       |     1 ||     4
         Paralysed         |       |       |     4 |    17 |       ||    21
 Armour: Robe              |    11 |    67 |    35 |       |       ||   113
         Steam dragon scal |       |       |    41 |   355 |    38 ||   434
         Fire dragon scale |       |       |       |       |   204 ||   204
  Dodge: Dodged            |    12 |   112 |   115 |   349 |   187 ||   775
  Block: Kite shield       |       |       |       |   110 |   535 ||   645

Table legend: (Time is in decaauts)
 A = Elapsed time spent in this place.
 B = Non-inter-level travel time spent in this place.
 C = Inter-level travel time spent in this place.
 D = Time resting spent in this place.
 E = Time spent auto-exploring this place.
 F = Levels seen in this place.
 G = Mean time per level.
                   A        B        C        D        E       F      G
               +--------+--------+--------+--------+--------+-----+--------+
         Total |  23900 |  22134 |   1766 |   4197 |  12215 |  21 | 1138.1 |
       Dungeon |  17803 |  16245 |   1558 |   3273 |   8708 |  15 | 1186.9 |
          Lair |   5630 |   5423 |    207 |    790 |   3368 |   5 | 1126.0 |
      Gauntlet |    466 |    466 |      0 |    134 |    139 |   1 |  466.0 |
               +--------+--------+--------+--------+--------+-----+--------+

Top non-repeatable levels by time:
    D:11: 1980 daAuts
    D:12: 1774 daAuts
  Lair:5: 1548 daAuts
    D:10: 1545 daAuts
     D:8: 1520 daAuts
     D:6: 1473 daAuts
     D:5: 1420 daAuts
  Lair:4: 1402 daAuts
     D:9: 1325 daAuts
     D:7: 1158 daAuts
  Lair:2: 1026 daAuts
     D:2: 997 daAuts
    D:14: 955 daAuts
  Lair:1: 896 daAuts
     D:4: 805 daAuts
